 Dungeon Crawl Stone Soup version 0.22-a0-558-gc2241811a9 (webtiles) character file.

203 GordonOverkill the Skirmisher (level 5, 0/46 HPs)
             Began as a Hill Orc Summoner on June 26, 2018.
             Slain by Grinder (10 damage)
             ... on level 3 of the Dungeon.
             The game lasted 00:11:09 (5138 turns).

GordonOverkill the Skirmisher (Hill Orc Summoner)   Turns: 5138, Time: 00:11:10

Health: 0/46       AC:  2    Str: 11 (12) XL:     5   Next: 81%
Magic:  1/7        EV: 15    Int: 10 (13) God:
Gold:   198        SH:  0    Dex:  9 (11) Spells: 6/7 levels left

rFire    . . .     SeeInvis .   g - +0 short sword (venom)
rCold    . . .     Gourm    .   (no shield)
rNeg     . . .     Faith    .   a - +0 robe
rPois    +         Spirit   .   (no helmet)
rElec    .         Reflect  .   (no cloak)
rCorr    .         Harm     .   (no gloves)
MR       .....                  (no boots)
Stlth    +.........             (no amulet)
HPRegen  0.15/turn              t - +3 ring of evasion
MPRegen  0.10/turn              p - ring of poison resistance

@: hasted, very quick
A: claws 1, hooves 1, dopey 1
a: no special abilities


You were on level 3 of the Dungeon.
You were very hungry.

You visited 1 branch of the dungeon, and saw 3 of its levels.

You collected 198 gold pieces.

Inventory:

Hand Weapons
 g - a +0 short sword of venom (weapon)
 h - a +0 hand axe
 n - a +0 flail
Armour
 a - a +0 robe (worn)
 f - a +0 ring mail
 i - a +0 scale mail
 m - a +0 chain mail
 s - a +0 plate armour
Jewellery
 p - a ring of poison resistance (right claw)
 q - an uncursed ring of fire
 t - a +3 ring of evasion (left claw)
Scrolls
 b - 2 scrolls of amnesia
 l - a scroll of identify
 o - a scroll of fog
Potions
 d - a potion of brilliance
 e - a potion of flight
Comestibles
 c - 4 rations


   Skills:
 + Level 4.1 Fighting
 + Level 3.2 Axes
 - Level 3.0 Dodging
 - Level 1.5 Stealth
 - Level 1.5 Spellcasting
 - Level 4.0 Summonings


You had 6 spell levels left.
You knew the following spells:

 Your Spells              Type           Power        Failure   Level  Hunger
a - Summon Small Mammal   Summ           #...         6%          1    ##.....

Your spell library contained the following spells:

 Spells                   Type           Power        Failure   Level  Hunger
 Summon Ice Beast         Ice/Summ       #.......     82%         4    #####..
 Call Imp                 Summ           #.......     10%         2    ###....
 Call Canine Familiar     Summ           #.......     19%         3    ####...
 Summon Lightning Spire   Summ/Air       #.......     82%         4    #####..
 Summon Guardian Golem    Hex/Summ       #.......     41%         3    ####...


Dungeon Overview and Level Annotations

Branches:
Dungeon (3/15)

Altars:
Uskayaw

Annotations:
D:3 Grinder


Innate Abilities, Weirdness & Mutations

You have sharp fingernails.
You have large cloven feet.
You are dopey. (Int -2)


Message History

Grinder hits your rat.
Your rat dies!
Your rat's corpse disappears in a puff of smoke!
As you read the scroll labeled WYCYOWN AKHLYJA, it crumbles to dust.
It is a scroll of identify.
o - a scroll of fog You swap places.
Grinder gestures at you. You resist with significant effort.
Your quokka misses Grinder. You barely miss Grinder. Your kick misses Grinder.
Grinder is heavily wounded.
Grinder is no longer unusually agile.
You barely miss Grinder.
Grinder is heavily wounded.
Your quokka closely misses Grinder.
Grinder misses you.
You barely miss Grinder.
Grinder is heavily wounded.
Your quokka bites Grinder.
Grinder hits you!
You die...

#####....,,* .......#*#.#
.._....# #.# )....#.# #.#
.......# #.# ########
##########.# ### #<.....#
*,,........# #.# ######.#
*,,........#######r# #.#
*,,.............@5.# #.#
***###....########.############.#
*,,+....,......................
***,*#....,#######.##############
,,,,*#..PP,,,* #.#
*****#..P$$$P#####.#
,,,,,+..P5$$P......#
,****#..P$$$P####### ,* *,,,,,,,*


You could see Grinder and a friendly quokka.

Vanquished Creatures
  An orc priest (D:3)
  2 orc wizards
  2 adders (D:3)
  2 oozes (D:3)
  A worm (D:2)
  A dart slug (D:1)
  3 leopard geckos
  7 orcs
  A giant cockroach (D:3)
  5 goblins
  9 hobgoblins
  4 kobolds
  4 bats
  A rat (D:2)
43 creatures vanquished.

Vanquished Creatures (collateral kills)
  3 adders (D:3)
  An ooze (D:2)
  2 worms
  3 leopard geckos (D:1)
  6 orcs
  3 bats
  3 giant cockroaches
  4 hobgoblins
  3 kobolds
  A frilled lizard (D:1)
  6 goblins
  2 rats (D:1)
37 creatures vanquished.

Vanquished Creatures (others)
  A fungus (D:3)
1 creature vanquished.

Grand Total: 81 creatures vanquished

Notes
Turn   | Place    | Note
-------+----------+-------------------------------------------
     0 | D:1      | GordonOverkill the Hill Orc Summoner began the quest for the Orb.
     0 | D:1      | Reached XP level 1. HP: 14/14 MP: 3/3
   216 | D:1      | Reached skill level 1 in Fighting
   352 | D:1      | Reached XP level 2. HP: 7/23 MP: 0/4
  1588 | D:2      | Reached XP level 3. HP: 29/29 MP: 2/5
  2953 | D:3      | Reached skill level 1 in Axes
  2953 | D:3      | Reached XP level 4. HP: 22/37 MP: 4/6
  3347 | D:3      | Noticed a hand axe
  3348 | D:3      | Found a hide-covered altar of Uskayaw.
  3349 | D:3      | Noticed a dagger
  3635 | D:3      | Reached XP level 5. HP: 24/45 MP: 2/7
  4741 | D:3      | Noticed an ogre
  5074 | D:3      | Noticed Grinder
  5121 | D:3      | Gained mutation: You are dopey. (Int -2) [potion of mutation]
  5121 | D:3      | Gained mutation: You have large cloven feet. [potion of mutation]
  5121 | D:3      | Gained mutation: You have sharp fingernails. [potion of mutation]
  5138 | D:3      | Slain by Grinder

Vault maps used:
D:1:      lightli_arrival_isolated_outpost
D:2:      guppyfry_early_orc_mine
D:3:      corexii_shack_village, dancing_weapons_uskayaw, first_ration,
          minmay_gold_behind_fungi, kennysheep_generic_room_7, uniq_grinder

Skill      XL: |  1  2  3  4  5 |
---------------+----------------+-----
Fighting       | 1 2 3 4 |  4.1
Dodging        | 2 3 |  3.0
Axes           | 1 2 3 |  3.2
Stealth        | |  1.5
Spellcasting   | |  1.5
Summonings     | |  4.0

Action                   |  1- 3 |  4- 6 || total
-------------------------+-------+-------++-------
Melee: Unarmed           |    12 |       ||    12
       Dagger            |    78 |       ||    78
       Flail             |    36 |    51 ||    87
       Short sword       |       |    66 ||    66
       Kick              |       |     1 ||     1
 Cast: Summon Small Mamm |    74 |    59 ||   133
  Use: Potion            |       |     7 ||     7
       Scroll            |       |     3 ||     3
 Stab: Distracted        |     3 |     3 ||     6
       Sleeping          |     1 |       ||     1
  Eat: Chunk             |     4 |     5 ||     9
       Ration            |     1 |     1 ||     2
Armor: Robe              |    26 |    22 ||    48
Dodge: Dodged            |    82 |   128 ||   210

Table legend:
 A = Spawn XP
 B = Non-spawn XP
 C = Spawn XP percentage of total XP
 D = Spawn monster count
 E = Non-spawn monster count
 F = Spawn count percentage of total count
 G = Total turns spent on level
                    A         B        C        D         E        F      G
               +---------+---------+-------+---------+---------+-------+---------
         Total |       0 |     290 |   0.0 |       0 |      80 |   0.0 |  5138
               +---------+---------+-------+---------+---------+-------+---------
           D:1 |       0 |      32 |   0.0 |       0 |      21 |   0.0 |  1787
           D:2 |       0 |      55 |   0.0 |       0 |      18 |   0.0 |  1765
           D:3 |       0 |     203 |   0.0 |       0 |      41 |   0.0 |  1586
               +---------+---------+-------+---------+---------+-------+---------
